 Dungeon Crawl Stone Soup version 0.27-a0-412-g8dd771e (webtiles) character file.

Game seed: 92195524463130584

389 MrTaco21 the Cudgeller (level 6, 0/37 HPs)
             Began as a Gargoyle Fighter on Feb 23, 2021.
             Killed by divine providence
             ... invoked by an orc priest
              (10 damage)
             ... on level 4 of the Dungeon.
             The game lasted 00:04:24 (3402 turns).

MrTaco21 the Cudgeller (Gargoyle Fighter)           Turns: 3402, Time: 00:04:24

Health: 0/37       AC: 14    Str: 22    XL:     6   Next: 79%
Magic:  6/6        EV: 22    Int:  8    God:
Gold:   135        SH:  9    Dex:  9    Spells: 5/5 levels left

rFire    + . .     SeeInvis .   a - +0 flail
rCold    . . .     Faith    .   c - +0 kite shield
rNeg     + . .     Spirit   .   b - +0 scale mail
rPois    ∞         Reflect  .   (no helmet)
rElec    +         Harm     .   y - +1 cloak {Stlth+}
rCorr    .         Rampage  .   r - +0 pair of gloves
Will     .....                  (no boots)
Stlth    ..........             p - amulet of the acrobat
HPRegen  0.12/turn              i - ring of protection from fire
MPRegen  0.10/turn              (no ring)

@: acrobat
A: negative energy resistance 1, electricity resistance, unbreathing,
petrification resistance, miasma immunity, AC +4
a: no special abilities


You were on level 4 of the Dungeon.
You visited 1 branch of the dungeon, and saw 4 of its levels.

You collected 135 gold pieces.

Inventory:

Hand Weapons
 a - a +0 flail (weapon)
Missiles
 w - 16 poisoned darts (quivered)
Armour
 b - a +0 scale mail (worn)
 c - a +0 kite shield (worn)
 r - a +0 pair of gloves (worn)
   (You found it on level 3 of the Dungeon)
 y - a +1 cloak of stealth (worn)
   (You took it off Crazy Yiuf on level 3 of the Dungeon)
Jewellery
 i - a ring of protection from fire (left hand)
   (You found it on level 3 of the Dungeon)
 p - an amulet of the acrobat (around neck)
   (You found it on level 2 of the Dungeon)
Wands
 t - a wand of flame (30)
   (You found it on level 2 of the Dungeon)
Scrolls
 e - 4 scrolls of identify {unknown}
 g - a scroll of blinking {unknown}
 n - a scroll of teleportation {unknown}
 o - a scroll of fog {unknown}
 s - a scroll of enchant weapon {unknown}
 u - a scroll of immolation {unknown}
 v - 2 scrolls of amnesia {unknown}
 x - a scroll of noise {unknown}
Potions
 d - a potion of might
 f - 2 potions of magic {unknown}
 h - a potion of heal wounds {unknown}
 j - 4 potions of haste {unknown}
 k - 3 potions of attraction {unknown}
 l - a potion of curing {unknown}
 m - a potion of flight {unknown}


   Skills:
 - Level 3.2 Fighting
 + Level 7.0 Maces & Flails
 - Level 3.2 Armour
 - Level 3.2 Shields


You had 5 spell levels left.
You didn't know any spells.
Your spell library contained the following spells:

 Spells                   Type           Power        Failure   Level
 Animate Skeleton         Necr           0%           99%         1
 Apportation              Tloc           0%           99%         1
 Corona                   Hex            0%           99%         1
 Summon Small Mammal      Summ           0%           99%         1


Dungeon Overview and Level Annotations

Branches:
Dungeon (4/15)
 Temple: D:4-7

Altars:
Elyvilon
Fedhas
Qazlal
Yredelemnul


Innate Abilities, Weirdness & Mutations

You are resistant to torment.
Your stone body is resilient. (AC +4)
You are immune to poison.
You resist negative energy. (rN+)
You are resistant to electric shocks. (rElec)
You can survive without breathing.
You are immune to petrification.
You are immune to miasma.


Message History

Reactivating autopickup.
The orc wizard hits you but does no damage.
Unknown command.
You miss the orc wizard.
The orc wizard hits you but does no damage. x2
Unknown command.
The orc wizard hits you but does no damage.
Unknown command.
You closely miss the orc wizard.
You feel less confused.
The orc wizard hits you but does no damage.
Unknown command.
You hit the orc wizard.
The orc wizard hits you but does no damage.
Unknown command.
You closely miss the orc wizard.
The orc wizard hits you with a +0 dagger.
The orc wizard hits you but does no damage.
Unknown command.
You hit the orc wizard but do no damage.
You block the orc wizard's attack.
Unknown command.
You sock the orc wizard!
You kill the orc wizard!
Your Maces & Flails skill increases to level 7!
Things that are here:
a +0 dagger; a +0 robe; an orc corpse Unknown command.
Unknown command.
You hear the slow hiss of a very distant avalanche of sand.
Items here: ( ) [ †.
Items here: ( ) [ †.
j - 4 sedimented amethyst potions (gained 1)
An orc priest comes into view.
The orc priest shouts!
You hear a shout!
An orc priest is nearby!
An orc comes into view. It is wielding a +0 mace.
The orc shouts!
An orc comes into view.
The orc priest invokes the aid of Beogh against you.
Beogh smites you!
Found a stone staircase leading up.
The orc shouts!
You hear a shout!
An orc priest comes into view. It is wielding a +0 trident.
The orc priest invokes the aid of Beogh against you.
Beogh smites you!
* * * LOW HITPOINT WARNING * * *
The orc priest invokes the aid of Beogh against you.
Beogh smites you!
You die...

..# ... #####.# .
.....###.#
#.......<#
####........#
#.####..........o.
#........@...oo...
##
######.##.....o..#
...##.
#.##........#
......
#.###########
...... #.#
......#######.##
.#.#.#.#.......#
...............#
##.#.#.#.......#


You could see 2 orc priests and 2 orcs.

Vanquished Creatures
  A centaur (D:3)
  An orc priest (D:3)
  Crazy Yiuf (D:3)
  Natasha (thrice) (D:3)
  2 orc wizards (D:4)
  3 adders
  2 oozes (D:2)
  A worm (D:2)
  2 dart slugs
  3 leopard geckos
  8 orcs
  6 bats
  2 giant cockroaches
  2 gnoll zombies (D:3)
  12 goblins
  3 hobgoblins
  8 jackals
  3 quokkas
  7 frilled lizards
  5 kobolds
  2 rats
77 creatures vanquished.

Vanquished Creatures (others)
  4 fungi
4 creatures vanquished.

Grand Total: 81 creatures vanquished

Notes
Turn   | Place    | Note
-------+----------+-------------------------------------------
     0 | D:1      | MrTaco21 the Gargoyle Fighter began the quest for the Orb.
     0 | D:1      | Reached XP level 1. HP: 14/14 MP: 1/1
   109 | D:1      | Reached XP level 2. HP: 19/19 MP: 2/2
   523 | D:1      | Reached skill level 3 in Maces & Flails
   756 | D:2      | Reached XP level 3. HP: 23/23 MP: 3/3
   914 | D:2      | Found a stormy altar of Qazlal.
   918 | D:2      | Found a blossoming altar of Fedhas.
  1009 | D:2      | Reached skill level 4 in Maces & Flails
  1195 | D:2      | Reached XP level 4. HP: 24/28 MP: 4/4
  1373 | D:2      | Found a white marble altar of Elyvilon.
  1732 | D:3      | Noticed a centaur
  1740 | D:3      | Killed a centaur
  1741 | D:3      | Reached skill level 5 in Maces & Flails
  1741 | D:3      | Reached XP level 5. HP: 30/32 MP: 5/5
  1773 | D:3      | Noticed Natasha
  1779 | D:3      | Killed Natasha
  1833 | D:3      | Noticed Natasha
  1848 | D:3      | Killed Natasha
  2043 | D:3      | Found a runed translucent door.
  2044 | D:3      | Noticed Crazy Yiuf
  2178 | D:2      | Reached skill level 6 in Maces & Flails
  2180 | D:2      | Reached XP level 6. HP: 9/37 MP: 6/6
  2579 | D:3      | Noticed Natasha
  2584 | D:3      | Killed Natasha
  2863 | D:3      | Found a basalt altar of Yredelemnul.
  2963 | D:3      | Killed Crazy Yiuf
  3333 | D:4      | Reached skill level 7 in Maces & Flails
  3402 | D:4      | Killed from afar by an orc priest

Illustrated notes

Levels and vault maps discovered:
D:1:      scummos_arrival_hexagon, layout_rooms, serial_aquarium,
          aquarium_bridge_square [aquarium_subvault_bridge,
          aquarium_subvault_window, aquarium_subvault_wall,
          aquarium_subvault_bridge], aquarium_bridge_island_large
          [aquarium_subvault_large_open, aquarium_subvault_bridge,
          aquarium_subvault_wall, aquarium_subvault_bridge,
          aquarium_subvault_window], aquarium_window_double,
          aquarium_window_fake, aquarium_window_2, aquarium_view_4,
          aquarium_pool_S
D:2:      layout_loops_corners, grunt_temple_overflow_forces_of_nature,
          elyvilon_altar_4
D:3:      layout_basic, lemuel_zombie_altar_yredelemnul, uniq_natasha,
          uniq_crazy_yiuf_cottage
D:4:      layout_basic, nicolae_ossuary_entry_catacombs, st_stairs_12,
          nemelex_spade_bored_becter

Skill      XL: |  1  2  3  4  5  6 |
---------------+-------------------+-----
Maces & Flails | 3 4 5 6 7 |  7.0
Fighting       | |  3.2
Armour         | |  3.2
Shields        | |  3.2

Action                   |  1- 3 |  4- 6 || total
-------------------------+-------+-------++-------
Melee: Flail             |   127 |   201 ||   328
Armor: Scale mail        |    81 |   137 ||   218
Dodge: Dodged            |    45 |    76 ||   121
Block: Kite shield       |    82 |   134 ||   216

Table legend: (Time is in decaauts)
 A = Elapsed time spent in this place.
 B = Non-inter-level travel time spent in this place.
 C = Inter-level travel time spent in this place.
 D = Time resting spent in this place.
 E = Time spent auto-exploring this place.
 F = Levels seen in this place.
 G = Mean time per level.
                   A        B        C        D        E       F      G
               +--------+--------+--------+--------+--------+-----+--------+
         Total |   3528 |   3375 |    153 |    606 |   1997 |   4 |  882.0 |
       Dungeon |   3528 |   3375 |    153 |    606 |   1997 |   4 |  882.0 |
               +--------+--------+--------+--------+--------+-----+--------+

Top non-repeatable levels by time:
     D:3: 1368 daAuts
     D:2: 1270 daAuts
     D:1: 747 daAuts
     D:4: 142 daAuts
